 Dungeon Crawl Stone Soup version 0.29-a0-322-g68df515428 (webtiles) character file.

Game seed: 1125281856874391585

46 croobank the Skirmisher (level 3, 0/33 HPs)
             Began as a Hill Orc Fighter on Apr 6, 2022.
             Slain by a jackal (3 damage)
             ... on level 2 of the Dungeon.
             The game lasted 00:03:11 (1173 turns).

croobank the Skirmisher (Hill Orc Fighter)          Turns: 1173, Time: 00:03:12

Health: 0/33       AC:  7    Str: 20    XL:     3   Next: 66%
Magic:  3/3        EV:  9    Int:  8    God:
Gold:   59         SH:  4    Dex: 10    Spells: 2/2 levels left

rFire   . . .      SeeInvis .   a - +0 war axe
rCold   . . .      Faith    .   c - +0 buckler
rNeg    . . .      Spirit   .   e - +0 scale mail
rPois   .          Reflect  .   (no helmet)
rElec   .          Harm     .   (no cloak)
rCorr   .          Rampage  .   (no gloves)
Will    .....                   (no boots)
Stlth   ..........              (no amulet)
HPRegen 0.11/turn               (no ring)
MPRegen 0.08/turn               (no ring)

@: mighty, attractive
A: no striking features
a: no special abilities


You were on level 2 of the Dungeon.
You visited 1 branch of the dungeon, and saw 2 of its levels.

You collected 59 gold pieces.

Inventory:

Hand Weapons
 a - a +0 war axe (weapon)
 b - a +0 hunting sling
 k - a +0 long sword
Missiles
 f - 27 stones (quivered)
Armour
 c - a +0 buckler (worn)
 e - a +0 scale mail (worn)
Jewellery
 h - a ring of fire
Scrolls
 g - 2 scrolls of enchant armour {unknown}
 i - a scroll of noise {unknown}
 l - a scroll of fog {unknown}


   Skills:
 + Level 4.1 Fighting
 + Level 3.5 Axes
 + Level 3.7 Armour
 + Level 3.8 Shields


You had 2 spell levels left.
You didn't know any spells.
Your spell library was empty.

Dungeon Overview and Level Annotations

Branches:
Dungeon (2/15)

Altars:
Trog


Message History

The gnoll hits you with a +0 spear.
You closely miss the gnoll. The gnoll hits you but does no damage.
The jackal bites you but does no damage.
The gnoll hits you but does no damage.
The gnoll hits you from afar with a +0 spear.
You barely miss the gnoll. You hit the jackal but do no damage.
You block the jackal's attack. The gnoll hits you but does no damage.
The gnoll barely misses you. The jackal bites you.
Unknown command.
You hit the gnoll.
The gnoll is lightly wounded.
You hit the jackal but do no damage. The jackal bites you.
The gnoll hits you from afar with a +0 spear.
The gnoll hits you with a +0 spear! The jackal barely misses you.
You slash the gnoll!
The gnoll is almost dead.
You barely miss the jackal.
The gnoll hits you from afar with a +0 spear!
* * * LOW HITPOINT WARNING * * *
You block the jackal's attack. The gnoll barely misses you.
You block the gnoll's attack.
The jackal bites you but does no damage.
You slash the gnoll!
You kill the gnoll!
You hit the jackal. You block the jackal's attack.
The gnoll hits you from afar with a +0 spear.
* * * LOW HITPOINT WARNING * * *
The jackal bites you but does no damage.
The jackal bites you but does no damage.
The jackal attacks as you move away!
The jackal bites you but does no damage.
It was a potion of attraction.
You feel attractive to monsters.
The jackal bites you but does no damage.
The gnoll barely misses you.
The jackal bites you but does no damage.
Okay, then.
You feel very mighty all of a sudden. The jackal bites you.
You die...

###...######.##....†...
###...#..#.....##.≈⌠†≈≈.≈
###...####.####..##.≈......
+...###.g#..# #..##.≈.####.
#.##....##.###..##.≈..._#
#..#..8..#..##..†..⌠.####
#.##....##.##..##.P....P.
#..'..###...#..##.⌠≈≈P≈⌠⌠
#.####h@.#+#..##........
#.g#Jg.### #..#######.##
##...### ##.# .# #.### ###
# ##


You could see 2 gnolls, an endoplasm, a jackal and a goblin.

Vanquished Creatures
  A gnoll (D:2)
  3 bats
  4 endoplasms (D:1)
  A giant cockroach (D:2)
  A goblin (D:2)
  5 hobgoblins
  6 jackals (D:2)
  4 kobolds
  3 ball pythons
  3 rats (D:1)
31 creatures vanquished.

Notes
Turn   | Place    | Note
-------+----------+-------------------------------------------
     0 | D:1      | croobank the Hill Orc Fighter began the quest for the Orb.
     0 | D:1      | Reached XP level 1. HP: 19/19 MP: 1/1
   187 | D:1      | Reached XP level 2. HP: 27/27 MP: 2/2
   963 | D:2      | Found a bloodstained altar of Trog.
   972 | D:2      | Reached skill level 4 in Fighting
   972 | D:2      | Reached XP level 3. HP: 33/33 MP: 3/3
  1051 | D:2      | Found a faded altar of an unknown god.
  1173 | D:2      | Slain by a jackal

Illustrated notes

Levels and vault maps discovered:
D:1:      amcnicky_arrival_flooded_fountain, layout_basic
D:2:      minmay_skewed_foursquare, layout_loops_ring, basic_altar,
          shapermc_ecumenical_altar_acropolis

Skill      XL: |  1  2 |
---------------+-------+-----
Axes           | 3 |  3.5
Fighting       | 4 |  4.1
Armour         | |  3.7
Shields        | |  3.8

Action                   || total
-------------------------++-------
Melee: War axe           ||    88
  Use: Potion            ||     2
Armor: Scale mail        ||    60
Dodge: Dodged            ||    53
Block: Buckler           ||    29

Table legend: (Time is in decaauts)
 A = Elapsed time spent in this place.
 B = Non-inter-level travel time spent in this place.
 C = Inter-level travel time spent in this place.
 D = Time resting spent in this place.
 E = Time spent auto-exploring this place.
 F = Levels seen in this place.
 G = Mean time per level.
                   A        B        C        D        E       F      G
               +--------+--------+--------+--------+--------+-----+--------+
         Total |   1208 |   1135 |     73 |      0 |    870 |   2 |  604.0 |
       Dungeon |   1208 |   1135 |     73 |      0 |    870 |   2 |  604.0 |
               +--------+--------+--------+--------+--------+-----+--------+

Top non-repeatable levels by time:
     D:1: 980 daAuts
     D:2: 227 daAuts
